 Dungeon Crawl Stone Soup version 0.27-a0-1291-geefcff550b (webtiles) character file.

Game seed: 16909426315925910266

4652 lessens the Slicer (level 10, -7/77 HPs)
             Began as a Demonspawn Enchanter on June 15, 2021.
             Was a Priest of Okawaru.
             Killed from afar by an electric eel (11 damage)
             ... with a bolt of electricity
             ... on level 7 of the Dungeon.
             The game lasted 00:22:30 (10822 turns).

lessens the Slicer (Demonspawn Enchanter)          Turns: 10822, Time: 00:22:31

Health: -7/77      AC:  7    Str: 13    XL:     10   Next: 20%
Magic:  14/14      EV: 13    Int: 16    God:    Okawaru [***...]
Gold:   359        SH:  0    Dex: 13    Spells: 6/15 levels left

rFire    . . .     SeeInvis .   j - +2 dagger (drain)
rCold    . . .     Faith    .   (no shield)
rNeg     + . .     Spirit   .   H - +2 robe {Will+}
rPois    .         Reflect  .   k - +1 helmet
rElec    .         Harm     .   (no cloak)
rCorr    .         Rampage  .   d - +0 pair of gloves
Will     +....                  (no boots)
Stlth    ++........             J - amulet of regeneration
HPRegen  1.22/turn              e - ring of positive energy
MPRegen  0.14/turn              (no ring)

@: no status effects
A: talons 2, powered by death 1, spiny 2, sturdy frame 1
a: Renounce Religion, Heroism


You were on level 7 of the Dungeon.
You worshipped Okawaru.
Okawaru was most pleased with you.
You visited 2 branches of the dungeon, and saw 8 of its levels.
You also visited: Ossuary.

You collected 359 gold pieces.

Inventory:

Hand Weapons
 a - a +1 dagger
 j - a +2 dagger of draining (weapon)
 w - a +4 scimitar of freezing
Missiles
 f - 266 stones
 K - 3 boomerangs
Armour
 b - a +0 robe
 d - a +0 pair of gloves (worn)
 k - a +1 helmet (worn)
 H - a +2 robe of willpower (worn)
 N - a +0 cloak
Jewellery
 e - a ring of positive energy (left hand)
 J - an amulet of regeneration (around neck)
 L - a ring of ice
 M - a ring of wizardry
Wands
 D - a wand of acid (3)
Scrolls
 g - 4 scrolls of enchant armour
 i - a scroll of vulnerability {unknown}
 p - a scroll of enchant weapon {unknown}
 q - 2 scrolls of torment {unknown}
 r - a scroll of teleportation
 v - a scroll of noise {unknown}
 y - a scroll of fear {unknown}
 B - a scroll of acquirement {unknown}
 C - a scroll of brand weapon {unknown}
 E - a scroll of fog {unknown}
 G - 4 scrolls of identify
 I - a scroll of magic mapping {unknown}
Potions
 c - 2 potions of attraction
 h - a potion of resistance
 l - 3 potions of heal wounds
 m - a potion of brilliance
 n - 2 potions of curing
 o - a potion of flight
 s - a potion of experience {unknown}
 t - 4 potions of mutation
 u - 7 potions of haste
 x - 2 potions of berserk rage
 z - 2 potions of magic {unknown}
 A - a potion of invisibility {unknown}
 F - a potion of cancellation {unknown}


   Skills:
 + Level 6.4 Fighting
 + Level 8.6 Short Blades
 - Level 0.3 Armour
 - Level 3.9 Dodging
 + Level 3.2 Stealth
 - Level 3.0 Spellcasting
 - Level 7.3 Hexes
 - Level 6.2 Invocations


You had 6 spell levels left.
You knew the following spells:

 Your Spells              Type           Power      Damage    Failure   Level
a - Corona                Hex            27%        N/A       1%          1
b - Ensorcelled Hibernat  Hex/Ice        28%        N/A       6%          2
c - Confusing Touch       Hex            25%        N/A       2%          3
d - Tukima's Dance        Hex            25%        N/A       2%          3

Your spell library contained the following spells:

 Spells                   Type           Power      Damage    Failure   Level
 Dazzling Flash           Conj/Hex       28%        N/A       12%         3
 Beastly Appendage        Tmut           4%         N/A       19%         1
 Wereblood                Tmut           2%         N/A       28%         2
 Spider Form              Tmut/Pois      1%         N/A       50%         3
 Ice Form                 Ice/Tmut       2%         N/A       88%         4


Dungeon Overview and Level Annotations

Branches:
Dungeon (7/15)             Temple (1/1) D:4         Ossuary (visited)

Altars:
Ashenzari
Cheibriados
Elyvilon
Fedhas
Gozag
Hepliaklqana
Kikubaaqudgha
Makhleb
Nemelex Xobeh
Okawaru
Qazlal
Ru
Sif Muna
Trog
Vehumet
Xom
Yredelemnul
Zin
The Shining One


Innate Abilities, Weirdness & Mutations

You have razor-sharp toenails.
You regenerate a little health from kills.
You are mostly covered in sharp spines.
Your movements are slightly less encumbered by armour. (ER -2)


Message History

No target in view!
You see here a +0 pair of gloves.
You enter the shallow water.
Moving in this stuff is going to be slow.
An electric eel comes into view.
An electric eel is nearby!
An electric eel is nearby!
You enter the shallow water.
Moving in this stuff is going to be slow.
An electric eel comes into view.
The electric eel shoots out a bolt of lightning at you!
The bolt of electricity misses you.
An electric eel comes into view.
The electric eel shoots out a bolt of lightning at you!
The bolt of electricity misses you. The bolt of electricity hits you.
The bolt of electricity hits the electric eel.
The electric eel completely resists.
The bolt of electricity hits the electric eel.
The electric eel completely resists.
The electric eel shoots out a bolt of lightning at you!
The bolt of electricity hits the electric eel.
The electric eel completely resists.
The bolt of electricity hits you!
The electric eel shoots out a bolt of lightning at you!
The bolt of electricity hits you. The bolt of electricity hits you!
The electric eel shoots out a bolt of lightning at you!
The bolt of electricity hits you! The bolt of electricity misses you.
The bolt of electricity misses the electric eel.
The electric eel shoots out a bolt of lightning at you!
The bolt of electricity hits you. The bolt of electricity hits you!
The bolt of electricity hits the electric eel.
The electric eel completely resists.
The electric eel shoots out a bolt of lightning at you!
The bolt of electricity hits the electric eel.
The electric eel completely resists.
The bolt of electricity hits you!
* * * LOW HITPOINT WARNING * * *
The electric eel shoots out a bolt of lightning at you!
The bolt of electricity hits you!
* * * LOW HITPOINT WARNING * * *
The bolt of electricity hits you!
You die...

.≈≈≈≈≈.## #≈≈≈#..#
#≈≈≈#≈≈.##
#≈≈##..#
##.###≈≈≈#
##≈##..#
#...#...≈#
#####.###..#
.........###.[..##
#..#
.........#.'....#
#..#
.........'.'....#
#..#
.........###....##
#..# #...#....#
#####@######
##.###.≈## ##≈#
#≈≈≈#.≈≈# #;≈#
.≈≈≈≈≈≈## #≈;≈#
≈≈.≈#.## #≈≈≈#
≈.#..## #≈≈≈#
P##.## ≈≈≈≈# .#.##
≈≈≈≈≈# ..## ≈≈≈;≈#


You could see an electric eel.

Vanquished Creatures
  A hydra (D:6)
  Pikel (D:6)
  Grinder (D:5)
  Prince Ribbit (D:5)
  Eustachio (D:6)
  Menkaure (D:5)
  Duvessa (D:7)
  A water moccasin (D:3)
  An ice beast (D:7)
  2 hornet zombies
  2 black bears (D:6)
  A sky beast (D:7)
  An orc warrior (D:7)
  An ogre (D:5)
  A phantom (D:4)
  A lemure (D:6)
  Blork the orc (D:5)
  3 bullfrogs (D:7)
  A scorpion (D:6)
  3 water moccasin zombies
  3 wyvern zombies (Ossuary)
  Dowan (D:7)
  4 wights (D:4)
  2 jellies
  An electric eel (D:7)
  2 bullfrog zombies (Ossuary)
  3 centaur zombies (Ossuary)
  2 hounds
  A gnoll shaman (D:5)
  Ijyb (D:5)
  An orc wizard (D:4)
  19 mummies (Ossuary)
  6 howler monkey zombies (Ossuary)
  Robin (D:2)
  6 gnolls
  A howler monkey skeleton (D:7)
  6 adders
  3 white imps
  A worm (D:3)
  5 dart slugs
  13 orcs
  7 ball pythons
  7 endoplasms
  3 giant cockroaches
  19 goblins
  11 hobgoblins
  13 kobolds
  6 quokkas
  2 bats
  5 frilled lizards
  A jackal skeleton (D:4)
  7 rats
189 creatures vanquished.

Vanquished Creatures (others)
  A dancing weapon (D:4)
  84 plants
  3 withered plants (Ossuary)
88 creatures vanquished.

Grand Total: 277 creatures vanquished

Notes
Turn   | Place    | Note
-------+----------+-------------------------------------------
     0 | D:1      | lessens the Demonspawn Enchanter began the quest for the
                  | Orb.
     0 | D:1      | Reached XP level 1. HP: 13/13 MP: 3/3
    31 | D:1      | Reached skill level 1 in Short Blades
   312 | D:1      | Gained mutation: You have sharp toenails. [demonic
                  | ancestry]
   312 | D:1      | Reached XP level 2. HP: 15/19 MP: 3/5
   485 | D:1      | Learned a level 2 spell: Ensorcelled Hibernation
  1376 | D:1      | Gained mutation: You regenerate a little health from kills.
                  | [demonic ancestry]
  1376 | D:1      | Reached XP level 3. HP: 24/24 MP: 4/6
  1476 | D:1      | Found a faded altar of an unknown god.
  1502 | D:1      | You fall into a shaft and drop 1 floor!
  1630 | D:1      | Learned a level 3 spell: Confusing Touch
  1784 | D:2      | Noticed Robin
  2111 | D:2      | Killed Robin
  2112 | D:2      | Reached skill level 2 in Short Blades
  2233 | D:2      | Gained mutation: You are partially covered in sharp spines.
                  | [demonic ancestry]
  2233 | D:2      | Reached XP level 4. HP: 28/29 MP: 8/8
  2683 | D:3      | Learned a level 3 spell: Tukima's Dance
  2828 | D:3      | Noticed a water moccasin
  2843 | D:3      | Killed a water moccasin
  2844 | D:3      | Reached skill level 3 in Short Blades
  2844 | D:3      | Gained mutation: You have razor-sharp toenails. [demonic
                  | ancestry]
  2844 | D:3      | Reached XP level 5. HP: 23/35 MP: 2/9
  3139 | D:3      | Found a stormy altar of Qazlal.
  3768 | D:4      | Found a shimmering altar of Xom.
  3776 | D:4      | Reached XP level 6. HP: 39/41 MP: 10/10
  3794 | D:4      | Reached skill level 5 in Hexes
  4012 | D:4      | HP: 1/37 [wight (2)]
  4170 | D:4      | Found a sand-covered staircase.
  4174 | Ossuary  | Entered an ossuary
  4429 | Ossuary  | Reached skill level 4 in Short Blades
  4627 | Ossuary  | Gained mutation: Your movements are slightly less
                  | encumbered by armour. (ER -2) [demonic ancestry]
  4627 | Ossuary  | Reached XP level 7. HP: 29/46 MP: 3/11
  4944 | Ossuary  | Reached skill level 5 in Short Blades
  5643 | Ossuary  | Reached XP level 8. HP: 51/52 MP: 3/12
  6012 | Ossuary  | Reached skill level 6 in Short Blades
  6274 | D:4      | Reached skill level 1 in Fighting
  6787 | D:4      | Found a staircase to the Ecumenical Temple.
  6793 | Temple   | Entered the Ecumenical Temple
  6798 | Temple   | Became a worshipper of Warmaster Okawaru
  6903 | D:5      | Entered Level 5 of the Dungeon
  6903 | D:5      | Noticed Grinder
  6984 | D:5      | Noticed Blork the orc
  6986 | D:5      | Noticed Prince Ribbit
  7001 | D:5      | Killed Blork the orc
  7005 | D:5      | Killed Prince Ribbit
  7203 | D:5      | Noticed Ijyb
  7224 | D:5      | Killed Ijyb
  7329 | D:5      | Found a burning altar of Makhleb.
  7394 | D:5      | Killed Grinder
  7394 | D:5      | Reached * piety under Okawaru
  7395 | D:5      | Reached skill level 7 in Short Blades
  7395 | D:5      | Reached XP level 9. HP: 65/65 MP: 9/13
  7591 | D:5      | Noticed Menkaure
  7609 | D:5      | Killed Menkaure
  7610 | D:5      | Reached skill level 1 in Invocations
  7695 | D:5      | Found a blossoming altar of Fedhas.
  7946 | D:6      | Noticed Eustachio
  7965 | D:6      | Killed Eustachio
  8285 | D:6      | Noticed Pikel
  8714 | D:6      | Found a basalt altar of Yredelemnul.
  9012 | D:6      | Found an ancient bone altar of Kikubaaqudgha.
  9014 | D:6      | Found a sacrificial altar of Ru.
  9015 | D:6      | Found a shimmering blue altar of Sif Muna.
  9091 | D:6      | Noticed a four-headed hydra
  9107 | D:6      | Killed a four-headed hydra
  9107 | D:6      | Reached ** piety under Okawaru
  9108 | D:6      | Reached skill level 5 in Fighting
  9108 | D:6      | Reached skill level 8 in Short Blades
  9128 | D:6      | Reached skill level 5 in Invocations
  9448 | D:6      | Killed Pikel
  9922 | D:7      | Gained mutation: You are mostly covered in sharp spines.
                  | [demonic ancestry]
  9922 | D:7      | Reached XP level 10. HP: 76/76 MP: 14/14
  9926 | D:7      | Reached *** piety under Okawaru
 10386 | D:7      | Noticed Duvessa
 10386 | D:7      | Noticed Dowan
 10405 | D:7      | Killed Dowan
 10410 | D:7      | Killed Duvessa
 10822 | D:7      | Killed from afar by an electric eel

Illustrated notes

Levels and vault maps discovered:
D:1:      dpeg_arrival_houses_and_road, layout_loops_ring,
          basic_ecumenical_altar
D:2:      layout_rooms, minmay_liquid_box, minmay_fractal_squares_gapless_5,
          uniq_robin
D:3:      wad_woods_stonehenge, layout_basic, serial_bayou_ford_a,
          chequers_serial_rivers_large_b, lexackson_kobold_supper
D:4:      minmay_spotlight, layout_basic, nicolae_overflow_crystal_walls,
          minmay_temple_entry_nine_rooms, enter_ossuary_5
D:5:      layout_basic, kennysheep_mini_moat, fedhas_altar_decomposition,
          uniq_blork_the_orc, uniq_prince_ribbit1, uniq_ijyb, uniq_grinder,
          uniq_menkaure
D:6:      layout_gridville, grunt_temple_overflow_open,
          kennysheep_cross_bottleneck, grunt_decor_cap, minmay_misc_feat_doors,
          uniq_eustachio, uniq_pikel
D:7:      wad_lake_hut, layout_basic, minmay_between, uniq_duvessa
Temple:   minmay_freezing_vapour_temple

Skill      XL: |  1  2  3  4  5  6  7  8  9 10 |
---------------+-------------------------------+-----
Short Blades   | 1 2 3 4 5 7 8 |  8.6
Spellcasting   | 3 |  3.0
Hexes          | 4 5 7 |  7.3
Dodging        | 3 |  3.9
Fighting       | 3 6 |  6.4
Invocations    | 5 6 |  6.2
Stealth        | 3 |  3.2
Armour         | |  0.3

Action                   |  1- 3 |  4- 6 |  7- 9 | 10-12 || total
-------------------------+-------+-------+-------+-------++-------
Melee: Dagger            |   152 |   156 |   374 |    66 ||   748
       Kick              |    19 |    35 |   124 |    17 ||   195
       Punch             |       |       |     1 |       ||     1
 Cast: Corona            |    45 |     2 |     2 |       ||    49
       Ensorcelled Hiber |     5 |     2 |    11 |     2 ||    20
       Confusing Touch   |       |    13 |    53 |     7 ||    73
       Tukima's Dance    |       |     1 |     1 |       ||     2
Invok: Heroism           |       |       |     1 |       ||     1
Evoke: Wand              |       |       |     3 |       ||     3
  Use: Scroll            |       |     6 |     6 |       ||    12
       Potion            |       |     1 |     1 |       ||     2
 Stab: Sleeping          |     3 |     3 |     9 |     3 ||    18
       Confused          |       |     6 |    34 |     5 ||    45
       Distracted        |       |       |     1 |       ||     1
Armor: Robe              |    33 |    24 |    38 |     4 ||    99
Dodge: Dodged            |    92 |    65 |   136 |    17 ||   310

Table legend: (Time is in decaauts)
 A = Elapsed time spent in this place.
 B = Non-inter-level travel time spent in this place.
 C = Inter-level travel time spent in this place.
 D = Time resting spent in this place.
 E = Time spent auto-exploring this place.
 F = Levels seen in this place.
 G = Mean time per level.
                   A        B        C        D        E       F      G
               +--------+--------+--------+--------+--------+-----+--------+
         Total |  10764 |  10363 |    401 |   1415 |   6668 |   9 | 1196.0 |
       Dungeon |   8736 |   8340 |    396 |    370 |   6187 |   7 | 1248.0 |
        Temple |     10 |      5 |      5 |      0 |      0 |   1 |   10.0 |
       Ossuary |   2017 |   2017 |      0 |   1045 |    480 |   1 | 2017.0 |
               +--------+--------+--------+--------+--------+-----+--------+

Top non-repeatable levels by time:
 Ossuary: 2017 daAuts
     D:1: 1925 daAuts
     D:6: 1482 daAuts
     D:5: 1386 daAuts
     D:4: 1194 daAuts
     D:3: 1175 daAuts
     D:7: 910 daAuts
     D:2: 660 daAuts
  Temple: 10 daAuts
